 Dungeon Crawl Stone Soup version 0.28-a0-991-g956f0ee3d5 (webtiles) character file.

Game seed: 11020446935336934409

26 Colgate the Charlatan (level 2, -1/23 HPs)
             Began as a Draconian Artificer on Dec 5, 2021.
             Slain by a gnoll (6 damage)
             ... on level 2 of the Dungeon.
             The game lasted 00:10:35 (1525 turns).

Colgate the Charlatan (Draconian Artificer)         Turns: 1525, Time: 00:10:35

Health: -1/23      AC:  4    Str: 14    XL:     2   Next: 89%
Magic:  2/2        EV: 12    Int: 11    God:
Gold:   11         SH:  0    Dex: 11    Spells: 1/1 levels left

rFire   . . .      SeeInvis .   h - +0 short sword
rCold   . . .      Faith    .   (no shield)
rNeg    . . .      Spirit   .   (armour unavailable)
rPois   .          Reflect  .   (helmet restricted)
rElec   .          Harm     .   (no cloak)
rCorr   .          Rampage  .   (no gloves)
Will    .....                   (no boots)
Stlth   +.........              (no amulet)
HPRegen 0.07/turn               (no ring)
MPRegen 0.08/turn               (no ring)

@: no status effects
A: AC +4, unfitting armour, cold-blooded
a: no special abilities


You were on level 2 of the Dungeon.
You visited 1 branch of the dungeon, and saw 2 of its levels.

You collected 11 gold pieces.

Inventory:

Hand Weapons
 h - a +0 short sword (weapon)
Armour
 f - a +0 tower shield
Wands
 b - a wand of flame (15) (quivered)
 c - a wand of charming (15)
Scrolls
 a - a scroll of brand weapon {unknown}
 e - 3 scrolls of identify {unknown}
Potions
 g - a potion of degeneration {unknown}
Miscellaneous
 d - a piece from Xom's chessboard (15/15)


   Skills:
 - Level 1.1 Fighting
 + Level 0.9 Short Blades
 - Level 2.1 Dodging
 - Level 0.8 Stealth
 - Level 4.0 Evocations


You had one spell level left.
You didn't know any spells.
Your spell library contained the following spells:

 Spells                   Type           Power      Damage    Failure   Level
 Conjure Flame            Conj/Fire      0%         6-21      71%         3
 Ignite Poison            Fire/Tmut/Pois 0%         N/A       71%         3
 Sticky Flame             Conj/Fire      0%         2d3       98%         4


Dungeon Overview and Level Annotations

Branches:
Dungeon (2/15)

Altars:

Annotations:
D:2 exclusion: phantom


Innate Abilities, Weirdness & Mutations

Your plain brown scales are hard. (AC +4)
You cannot fit into any form of body armour.
You are cold-blooded and may be slowed by cold attacks.


Message History

Press: ? - help, v - describe, . - travel
Here: a phantom (dormant)
The floor.
Placed new exclusion.
You hit the bat.
You kill the bat!
A hobgoblin comes into view.
Found an Everburning Encyclopedia.
You barely miss the hobgoblin. You tail-slap the hobgoblin.
The hobgoblin is lightly wounded.
The hobgoblin closely misses you.
You hit the hobgoblin.
The hobgoblin is moderately wounded.
The hobgoblin hits you but does no damage.
You hit the hobgoblin.
You kill the hobgoblin!
You pick up an Everburning Encyclopedia and begin reading...
You add the spells Conjure Flame, Ignite Poison and Sticky Flame to your library.
Okay, then.
A gnoll comes into view. It is wielding a +0 spear.
A gnoll comes into view. It is wielding a +0 spear.
The gnoll shouts!
You hear a shout!
A gnoll comes into view. It is wielding a +0 flail.
The gnoll barely misses you.
The gnoll hits you from afar with a +0 spear.
The gnoll hits you from afar with a +0 spear.
A ball python comes into view.
The ball python closely misses you. The ball python grabs you.
The ball python constricts you.
You hit the ball python.
You kill the ball python!
The gnoll hits you but does no damage.
The gnoll shouts!
The gnoll hits you from afar with a +0 spear. x2
The gnoll misses you. The gnoll completely misses you.
The gnoll barely misses you.
The gnoll hits you from afar with a +0 spear. x2
* * * LOW HITPOINT WARNING * * *
The gnoll hits you with a +0 flail.
You die...

#######...####....
#...# . #...#
#...# #...#
########...##
#...........#
#...........#
#....@......#
#.....g.....#
#...........#
#....gg†....#
#...........#
#...........#
#...........#
#############


You could see 3 gnolls.

Vanquished Creatures
  A dart slug (D:1)
  An endoplasm (D:1)
  7 goblins (D:1)
  A hobgoblin (D:2)
  2 jackals (D:1)
  A quokka (D:1)
  4 ball pythons
  3 bats
  A frilled lizard (D:1)
  A kobold (D:1)
  A rat (D:2)
23 creatures vanquished.

Notes
Turn   | Place    | Note
-------+----------+-------------------------------------------
     0 | D:1      | Colgate the Draconian Artificer began the quest for the
                  | Orb.
     0 | D:1      | Reached XP level 1. HP: 16/16 MP: 1/1
   307 | D:1      | Reached XP level 2. HP: 10/23 MP: 2/2
  1194 | D:1      | Reached skill level 4 in Evocations
  1424 | D:2      | Noticed a phantom
  1525 | D:2      | Slain by a gnoll

Illustrated notes

Levels and vault maps discovered:
D:1:      beargit_arrival_greenhouse, layout_rooms, hangedman_decor_lopped
D:2:      layout_basic, serial_shops, nicolae_shop_bloodbath_and_beyond

Skill      XL: |  1  2 |
---------------+-------+-----
Evocations     | 4 |  4.0
Fighting       | |  1.1
Short Blades   | |  0.9
Dodging        | |  2.1
Stealth        | |  0.8

Action                   || total
-------------------------++-------
Melee: Unarmed           ||    35
       Dagger            ||    65
       Tailslap          ||     6
       Short sword       ||    27
 Stab: Sleeping          ||     1
Armor: Skin              ||    39
Dodge: Dodged            ||    79

Table legend: (Time is in decaauts)
 A = Elapsed time spent in this place.
 B = Non-inter-level travel time spent in this place.
 C = Inter-level travel time spent in this place.
 D = Time resting spent in this place.
 E = Time spent auto-exploring this place.
 F = Levels seen in this place.
 G = Mean time per level.
                   A        B        C        D        E       F      G
               +--------+--------+--------+--------+--------+-----+--------+
         Total |   1526 |   1504 |     22 |     13 |    617 |   2 |  763.0 |
       Dungeon |   1526 |   1504 |     22 |     13 |    617 |   2 |  763.0 |
               +--------+--------+--------+--------+--------+-----+--------+

Top non-repeatable levels by time:
     D:1: 1420 daAuts
     D:2: 106 daAuts
